 Dungeon Crawl Stone Soup version 0.29.1-1-gd02db6906a (webtiles) character file.

Game seed: 6042262296009351944

350 NullDivider the Sneak (level 6, -1/36 HPs)
             Began as an Octopode Venom Mage on Sept 27, 2022.
             Slain by a phantom (8 damage)
             ... on level 4 of the Dungeon.
             The game lasted 00:24:50 (3930 turns).

NullDivider the Sneak (Octopode Venom Mage)         Turns: 3930, Time: 00:24:50

Health: -1/36      AC:  1    Str:  7    XL:     6   Next: 60%
Magic:  10/10      EV: 14    Int: 27    God:
Gold:   259        SH:  0    Dex: 15    Spells: 1/11 levels left

rFire   . . .      SeeInvis .   g - +5 short sword "Spiderbane" {vorpal, Int+7 Dex+3}
rCold   . . .      Faith    .   (no shield)
rNeg    . . .      Spirit   .   (helmet restricted)
rPois   .          Reflect  .   (no amulet)
rElec   .          Harm     .   d - ring of wizardry
rCorr   .          Rampage  .   (no ring)
Will    .....                   (no ring)
Stlth   ++++......              (no ring)
HPRegen 0.12/turn               (no ring)
MPRegen 0.12/turn               (no ring)
                                (no ring)
                                (no ring)

@: no status effects
A: almost no armour, amphibious, 8 rings, camouflage 1, gelatinous body 1,
(nimble swimmer 1), tentacles
a: no special abilities


You were on level 4 of the Dungeon.
You visited 1 branch of the dungeon, and saw 4 of its levels.

You collected 259 gold pieces.

Inventory:

Hand Weapons
 g - the +5 short sword "Spiderbane" (weapon) {vorpal, Int+7 Dex+3}
   (You found it on level 2 of the Dungeon)

   It inflicts extra damage upon your enemies.
   Int:       It affects your intelligence (+7).
   Dex:       It affects your dexterity (+3).
 i - a +9 dagger of venom
Jewellery
 d - a ring of wizardry (left tentacle)
Wands
 b - a wand of roots (3)
 e - a wand of charming (3)
 k - a wand of polymorph (8)
Scrolls
 f - a scroll of amnesia
 h - a scroll of teleportation
Potions
 a - 2 potions of magic
 c - a potion of flight {unknown}


   Skills:
 * Level 1.7 Short Blades
 * Level 3.4 Dodging
 * Level 4.9 Stealth
 * Level 3.2 Spellcasting
 - Level 1.1 Conjurations
 - Level 1.2 Transmutations
 - Level 1.3 Air Magic
 + Level 4.6 Poison Magic
 + Level 0.4 Evocations


You had one spell level left.
You knew the following spells:

 Your Spells              Type           Power      Damage    Failure   Level
a - Sting                 Tmut/Pois      80%        1d7       1%          1
b - Poisonous Vapours     Pois/Air       40%        N/A       1%          2
c - Mephitic Cloud        Conj/Pois/Air  17%        N/A       4%          3
d - Olgreb's Toxic Radia  Pois           29%        N/A       5%          4

Your spell library contained the following spells:

 Spells                   Type           Power      Damage    Failure   Level
 Sandblast                Erth           8%         2d5       3%          1
 Passwall                 Tmut/Erth      5%         N/A       4%          2
 Stone Arrow              Conj/Erth      14%        3d7       9%          3
 Lehudib's Crystal Spear  Conj/Erth      3%         10d3      100%        8
 Animate Armour           Summ/Erth      Unusable   N/A       N/A         4

Dungeon Overview and Level Annotations

Branches:
Dungeon (4/15)
 Temple: D:4-7

Altars:


Innate Abilities, Weirdness & Mutations

You cannot wear most types of armour.
You are amphibious.
You can wear up to eight rings at the same time.
Your skin changes colour to match your surroundings (Stealth+).
Your rubbery body absorbs attacks. (AC +1, EV +1)
((You are camouflaged when in or above water. (Stealth+)))
You have tentacles for arms and can constrict up to eight enemies at once.


Message History

You hit the phantom.
The phantom is moderately damaged.
The phantom hits you.
You miss the phantom.
The phantom is moderately damaged.
The phantom hits you.
You hit the phantom. You squeeze the phantom.
The phantom is moderately damaged.
The phantom barely misses you.
You hit the phantom but do no damage.
The phantom is moderately damaged.
The phantom hits you!
You miss the phantom.
The phantom is moderately damaged.
The phantom hits you.
The phantom blinks!
You blink.
You are too injured to fight recklessly!
You are too injured to fight recklessly!
You are too injured to fight recklessly!
You are too injured to fight recklessly!
You are too injured to fight recklessly!
You barely miss the phantom.
The phantom is moderately damaged.
The phantom misses you.
You hit the phantom.
The phantom is severely damaged.
The phantom closely misses you.
You hit the phantom.
The phantom is almost destroyed.
The phantom hits you.
You hit the phantom but do no damage.
You squeeze the phantom, but do no damage.
The phantom is almost destroyed.
The phantom hits you!
* * * LOW HITPOINT WARNING * * *
The phantom blinks!
You blink.
You closely miss the phantom.
Your tentacle-slap misses the phantom.
You squeeze the phantom, but do no damage.
The phantom is almost destroyed.
The phantom hits you!
You die...

#............#..#####
#......###...........
#......# #.>..#######
#......# #.......†(..
#####'#####.#########
######.......#######
#...§####..........#
###..................#
........@$............#
####.....W......#####
#............#
#............#
#.##.........# ...
######.#### ..## #.# .#
#.# #.#


You could see a phantom.

Vanquished Creatures
  Sigmund (D:3)
  Pargi (D:4)
  2 adders
  3 gnolls (D:3)
  An ufetubus (D:4)
  A worm (D:3)
  2 dart slugs
  3 orcs (D:3)
  5 endoplasms
  A giant cockroach (D:3)
  4 hobgoblins
  3 quokkas
  6 ball pythons
  A bat (D:1)
  5 frilled lizards
  5 goblins
  3 kobolds (D:3)
  4 rats
51 creatures vanquished.

Notes
Turn   | Place    | Note
-------+----------+-------------------------------------------
     0 | D:1      | NullDivider the Octopode Venom Mage began the quest for the
                  | Orb.
     0 | D:1      | Reached XP level 1. HP: 11/11 MP: 3/3
   349 | D:1      | Reached XP level 2. HP: 17/17 MP: 0/5
   352 | D:1      | Learned a level 2 spell: Poisonous Vapours
   752 | D:1      | You fall into a shaft and drop 1 floor!
   953 | D:1      | Found a faded altar of an unknown god.
  1334 | D:2      | Reached XP level 3. HP: 21/21 MP: 1/6
  1338 | D:2      | Learned a level 3 spell: Mephitic Cloud
  1392 | D:2      | Identified the +5 short sword "Spiderbane" {vorpal, Int+7
                  | Dex+3}
  2364 | D:3      | Reached XP level 4. HP: 23/27 MP: 1/7
  2951 | D:3      | Noticed Sigmund
  2977 | D:3      | Killed Sigmund
  2978 | D:3      | Reached skill level 1 in Short Blades
  2978 | D:3      | Reached skill level 1 in Conjurations
  2978 | D:3      | Reached skill level 1 in Air Magic
  2978 | D:3      | Reached XP level 5. HP: 31/31 MP: 1/9
  2978 | D:3      | Reached XP level 6. HP: 36/36 MP: 1/10
  2983 | D:3      | Learned a level 4 spell: Olgreb's Toxic Radiance
  3538 | D:4      | Noticed Pargi
  3564 | D:4      | Killed Pargi
  3930 | D:4      | Slain by a phantom

Illustrated notes

Levels and vault maps discovered:
D:1:      dpeg_arrival_stonehenge_8_columns, layout_basic,
          shapermc_ecumenical_altar_ellora, kennysheep_decorative_pillar,
          patterned_corridor
D:2:      layout_loops_corners
D:3:      layout_loops_ring, minivault_4, uniq_sigmund
D:4:      layout_basic, serial_shops, shop, portal_sewer_entry_e, uniq_pargi

Skill      XL: |  1  2  3  4 |
---------------+-------------+-----
Stealth        | 3 4 |  4.9
Poison Magic   | 4 |  4.6
Short Blades   | 1 |  1.7
Dodging        | 3 |  3.4
Spellcasting   | 3 |  3.2
Conjurations   | 1 |  1.1
Air Magic      | 1 |  1.3
Transmutations | |  1.2
Evocations     | |  0.4

Action                   |  1- 3 |  4- 6 || total
-------------------------+-------+-------++-------
Melee: Unarmed           |     6 |       ||     6
       Tentacles         |     4 |     7 ||    11
       Constrict         |     5 |     5 ||    10
       Short sword       |    19 |    38 ||    57
 Cast: Sting             |    35 |     6 ||    41
       Poisonous Vapours |     6 |     7 ||    13
       Mephitic Cloud    |       |     1 ||     1
       Olgreb's Toxic Ra |       |     1 ||     1
  Use: Scroll            |       |     9 ||     9
       Potion            |       |     2 ||     2
 Stab: Sleeping          |     4 |     5 ||     9
Armor: Skin              |       |     4 ||     4
Dodge: Dodged            |    10 |    29 ||    39
